 Dungeon Crawl Stone Soup version 0.27-a0-1191-g601b473118 (webtiles) character file.

Game seed: 8626280773185463903

261 Wyvernaa the Poker (level 5, -9/39 HPs)
             Began as a Demonspawn Gladiator on May 24, 2021.
             Mangled by an iguana (11 damage)
             ... on level 4 of the Dungeon.
             The game lasted 00:05:18 (4594 turns).

Wyvernaa the Poker (Demonspawn Gladiator)           Turns: 4594, Time: 00:05:18

Health: -9/39      AC:  4    Str: 16    XL:     5   Next: 96%
Magic:  0/5        EV: 12    Int:  9    God:
Gold:   102        SH:  0    Dex: 14    Spells: 4/4 levels left

rFire    . . .     SeeInvis .   a - +1 trident
rCold    . . .     Faith    .   (no shield)
rNeg     + . .     Spirit   +   b - +0 leather armour
rPois    .         Reflect  .   c - +0 helmet
rElec    .         Harm     .   (no cloak)
rCorr    .         Rampage  .   (no gloves)
Will     .....                  (no boots)
Stlth    +.........             (no amulet)
HPRegen  0.13/turn              h - ring of positive energy
MPRegen  0.18/turn              (no ring)

@: about to teleport
A: magic shield, magic regeneration
a: no special abilities


You were on level 4 of the Dungeon.
You visited 1 branch of the dungeon, and saw 4 of its levels.

You collected 102 gold pieces.

Inventory:

Hand Weapons
 a - a +1 trident (weapon)
Missiles
 d - 3 throwing nets (quivered)
Armour
 b - a +0 leather armour (worn)
 c - a +0 helmet (worn)
Jewellery
 h - a ring of positive energy (left hand)
Wands
 j - a wand of iceblast (9)
Scrolls
 e - 4 scrolls of enchant weapon
 f - a scroll of amnesia
 m - 2 scrolls of teleportation
 o - a scroll of identify {unknown}
 p - 3 scrolls of magic mapping {unknown}
Potions
 g - a potion of might {unknown}
 k - a potion of flight {unknown}
 l - a potion of heal wounds {unknown}
 n - a potion of lignification {unknown}


   Skills:
 + Level 2.6 Fighting
 + Level 4.6 Polearms
 - Level 1.9 Throwing
 + Level 2.1 Armour
 + Level 3.4 Dodging
 + Level 0.8 Stealth


You had 4 spell levels left.
You didn't know any spells.
Your spell library was empty.

Dungeon Overview and Level Annotations

Branches:
Dungeon (4/15)
 Temple: D:4-7

Altars:
Gozag
Yredelemnul

Annotations:
D:3 2 transporters, 3 runed translucent doors, leviel's ghost, amateur HOFi


Innate Abilities, Weirdness & Mutations

When hurt, damage is shared between your health and your magic reserves.
You regenerate magic rapidly.


Message History

Magic restored.
An iguana comes into view.
An iguana is nearby!
An iguana is nearby!
The iguana hisses angrily.
You reach to attack!
You hit the iguana.
The iguana is lightly wounded.
You reach to attack!
You closely miss the iguana.
The iguana is lightly wounded.
You hit the iguana.
The iguana is moderately wounded.
The iguana bites you!
You are too injured to fight recklessly!
You are too injured to fight recklessly!
You are too injured to fight recklessly!
You are too injured to fight recklessly!
You barely miss the iguana.
The iguana is moderately wounded.
The iguana barely misses you.
You hit the iguana.
The iguana is moderately wounded.
The iguana barely misses you.
You hit the iguana.
The iguana is severely wounded.
The iguana bites you but does no damage.
The iguana bites you.
You hit the iguana.
The iguana is severely wounded.
The iguana bites you!
* * * LOW HITPOINT WARNING * * *
You barely miss the iguana.
The iguana is severely wounded.
The iguana bites you!
* * * LOW HITPOINT WARNING * * *
You feel better. The iguana bites you!
* * * LOW HITPOINT WARNING * * *
Okay, then.
As you read the scroll of teleportation, it crumbles to dust.
You feel strangely unstable. The iguana bites you!
You die...

# ....# .#.
....(#######....# ....
................+
#..####...#...........#
#........#...).......#
#........#...........#
#..8....#...........#
#..l@...#.........###
#.......#.........#..
#.##....#............
#.###...#.........8..
#..............>..P..
##............P......
#..........P...##...
#...........P.8##...
##########.....##...


You could see an iguana.

Vanquished Creatures
  A water moccasin zombie (D:4)
  A bullfrog zombie (D:4)
  A centaur zombie (D:4)
  A hound skeleton (D:4)
  Robin (D:2)
  A howler monkey zombie (D:4)
  An adder skeleton (D:4)
  3 adder zombies (D:4)
  A worm (D:2)
  3 dart slugs
  An orc (D:3)
  6 ball pythons
  An endoplasm (D:1)
  5 giant cockroaches
  12 goblins
  9 hobgoblins
  7 jackals (D:1)
  7 kobolds
  4 quokkas
  6 bats
  4 frilled lizards
  5 rats
81 creatures vanquished.

Vanquished Creatures (others)
  A withered plant (D:4)
1 creature vanquished.

Grand Total: 82 creatures vanquished

Notes
Turn   | Place    | Note
-------+----------+-------------------------------------------
     0 | D:1      | Wyvernaa the Demonspawn Gladiator began the quest for the
                  | Orb.
     0 | D:1      | Reached XP level 1. HP: 16/16 MP: 1/1
   496 | D:1      | Gained mutation: You regenerate magic rapidly. [demonic
                  | ancestry]
   496 | D:1      | Reached XP level 2. HP: 22/22 MP: 2/2
   571 | D:1      | Reached skill level 3 in Polearms
   926 | D:1      | Gained mutation: When hurt, damage is shared between your
                  | health and your magic reserves. [demonic ancestry]
   926 | D:1      | Reached XP level 3. HP: 3/27 MP: 3/3
  1988 | D:1      | Found a faded altar of an unknown god.
  2003 | D:1      | Reached skill level 1 in Armour
  2309 | D:2      | Noticed Robin
  2339 | D:2      | Killed Robin
  2340 | D:2      | Reached XP level 4. HP: 5/33 MP: 0/4
  3545 | D:3      | Found a basalt altar of Yredelemnul.
  3547 | D:3      | Noticed a sky beast
  3549 | D:3      | Found a transporter.
  3559 | D:3      | Found a transporter.
  3831 | D:3      | Found a runed translucent gate.
  3831 | D:3      | Found a runed translucent gate.
  3831 | D:3      | Found a runed translucent gate.
  3833 | D:3      | Found an opulent altar of Gozag.
  3835 | D:3      | Noticed leviel's ghost (amateur HOFi)
  3983 | D:4      | Reached skill level 4 in Polearms
  3987 | D:4      | Reached XP level 5. HP: 13/39 MP: 3/5
  4594 | D:4      | Mangled by an iguana

Illustrated notes

Levels and vault maps discovered:
D:1:      minmay_arrival_diagonal_passages, layout_basic,
          ebering_ecumenical_altar_sacrificial, minmay_surrounded
D:2:      layout_basic, uniq_robin
D:3:      layout_loops_ring, gammafunk_temple_overflow_arena,
          ebering_ghost_gozag
D:4:      layout_basic, serial_shops, nicolae_shop_crystal, serial_undead,
          serial_undead_e, serial_undead_b, serial_undead_b, serial_undead_d,
          serial_undead_c, serial_undead_e, serial_undead_d

Skill      XL: |  1  2  3  4  5 |
---------------+----------------+-----
Polearms       | 3 4 |  4.6
Dodging        | 3 |  3.4
Armour         | 1 2 |  2.1
Fighting       | |  2.6
Throwing       | |  1.9
Stealth        | |  0.8

Action                   |  1- 3 |  4- 6 || total
-------------------------+-------+-------++-------
Melee: Trident           |   171 |   139 ||   310
  Use: Scroll            |     4 |     2 ||     6
       Potion            |     1 |     1 ||     2
 Stab: Sleeping          |     1 |     2 ||     3
Armor: Leather armour    |    56 |    44 ||   100
Dodge: Dodged            |   124 |   103 ||   227

Table legend: (Time is in decaauts)
 A = Elapsed time spent in this place.
 B = Non-inter-level travel time spent in this place.
 C = Inter-level travel time spent in this place.
 D = Time resting spent in this place.
 E = Time spent auto-exploring this place.
 F = Levels seen in this place.
 G = Mean time per level.
                   A        B        C        D        E       F      G
               +--------+--------+--------+--------+--------+-----+--------+
         Total |   4631 |   4520 |    111 |   1127 |   2799 |   4 | 1157.8 |
       Dungeon |   4631 |   4520 |    111 |   1127 |   2799 |   4 | 1157.8 |
               +--------+--------+--------+--------+--------+-----+--------+

Top non-repeatable levels by time:
     D:1: 2278 daAuts
     D:2: 1101 daAuts
     D:4: 675 daAuts
     D:3: 576 daAuts
